 Dungeon Crawl Stone Soup version 0.31-a0-232-gb1c03b2570 (webtiles) character file.

Game seed: 12907762821927166167

260 qw the Shooter (level 6, -3/37 HPs)
             Began as a Gargoyle Hexslinger on July 7, 2023.
             Slain by a gnoll
             ... wielding a +0 halberd
             ... led by a gnoll bouda
              (4 damage)
             ... on level 4 of the Dungeon.
             The game lasted 00:00:52 (2368 turns).

qw the Shooter (Gargoyle Hexslinger)                Turns: 2368, Time: 00:00:52

Health: -3/37      AC: 11    Str: 12    XL:     6   Next: 17%
Magic:  0/2        EV: 11    Int: 13    God:
Gold:   201        SH:  0    Dex: 21    Spells: 6/7 levels left

rFire   + + +        h - +6 sling "Bucse" {antimagic, Fly}
rCold   x . .        (no shield)
rNeg    + + .        k - +0 ring mail
rPois   inf          (no helmet)
rElec   +            m - +0 cloak
rCorr   .            g - +0 pair of gloves
SInv    .            (no boots)
Will    .....        d - amulet of guardian spirit
Stlth   +            o - ring "Luog" {rF+++ rC- rN+ Dex+7}
HPRegen 0.26/turn    (no ring)
MPRegen 0.08/turn

%: guardian spirit
@: about to teleport, weakened, flying
A: sickness immunity, AC +4, negative energy resistance 1, electricity
resistance, torment resistance 1, petrification resistance
a: no special abilities


You were on level 4 of the Dungeon.
You visited 1 branch of the dungeon, and saw 4 of its levels.

You collected 201 gold pieces.


Innate Abilities, Weirdness & Mutations

You are immune to sickness and miasma.
Your stone body is resilient. (AC +4)
You are immune to poison.
You resist negative energy. (rN+)
You are resistant to electric shocks. (rElec)
You are resistant to unholy torment.
You are immune to petrification.


   Skills:
 - Level 3.5 Fighting
 + Level 5.0 Ranged Weapons
 - Level 1.8 Armour
 - Level 1.5 Dodging
 - Level 1.0 Spellcasting
 - Level 2.6 Hexes


You had 6 spell levels left.
You knew the following spells:

 Your Spells              Type           Power      Damage    Failure   Level
a - Slow                  Hex            28%        N/A       21%         1

Your spell library contained the following spells:

 Spells                   Type           Power      Damage    Failure   Level
 Inner Flame              Hex/Fire       4%         N/A       71%         3
 Portal Projectile        Hex/Tloc       8%         N/A       71%         3
 Cause Fear               Hex            3%         N/A       90%         4

Inventory:

Hand Weapons
 h - the +6 sling "Bucse" (weapon) {antimagic, Fly}
   (You found it on level 2 of the Dungeon)

   Fly:       It grants you flight.
Armour
 g - a +0 pair of gloves (worn)
 k - a +0 ring mail (worn)
 m - a +0 cloak (worn)
Jewellery
 d - an amulet of guardian spirit (around neck)
 o - the ring "Luog" (left hand) {rF+++ rC- rN+ Dex+7}
   (You found it on level 3 of the Dungeon)

   [ring of positive energy]

   Dex:       It affects your dexterity (+7).
   rF:        It renders you almost immune to fire.
   rC:        It makes you vulnerable to cold.
   rN:        It protects you from negative energy.
Potions
 a - a potion of lignification {unknown}
 b - a potion of might
 c - a potion of curing
 e - a potion of heal wounds {unknown}
 f - a potion of magic {unknown}
 i - a potion of haste {unknown}
 j - a potion of enlightenment {unknown}

Dungeon Overview and Level Annotations

Branches:
Dungeon (4/15)
 Temple: D:4-7

Altars:
Dithmenos
Gozag
Ru
Xom


Message History

You shoot a sling bullet. The sling bullet hits the gnoll bouda.
The gnoll bouda is almost dead.
Your attacks no longer feel as feeble.
The gnoll hits you from afar with a +0 spear.
The giant cockroach bites you. The gnoll hits you but does no damage.
The gnoll bouda mumbles some strange prayers to its god.
The gnoll bouda is healed somewhat.
The gnoll completely misses you. The gnoll closely misses you.
You shoot a sling bullet.
The sling bullet hits the gnoll bouda but does no damage.
The gnoll bouda is severely wounded.
The giant cockroach bites you. The gnoll barely misses you.
The gnoll bouda closely misses you. The gnoll barely misses you. x2
The giant cockroach barely misses you.
You shoot a sling bullet. The sling bullet hits the gnoll bouda.
The gnoll bouda is almost dead.
The gnoll is no longer moving quickly. x2; The gnoll closely misses you.
The gnoll bouda barks out a call to the hunt!
The gnolls pick up the pace!
The gnoll hits you but does no damage. The giant cockroach barely misses you.
The gnoll completely misses you.
The gnoll hits you from afar with a +0 halberd!
The gnoll bouda prays to its god.
The gnoll bouda is healed somewhat.
The gnoll closely misses you.
2367 ||| READING scroll of teleportation.
As you read the scroll of teleportation, it crumbles to dust.
You feel strangely unstable. The giant cockroach closely misses you.
The gnoll hits you but does no damage. The gnoll barely misses you.
The gnoll bouda gazes fiercely through you!
You feel your attacks grow feeble.
The gnoll bouda hits you with a +0 whip.
The gnoll hits you but does no damage.
You shoot a sling bullet. The sling bullet hits the gnoll bouda!
You kill the gnoll bouda!
The giant cockroach bites you but does no damage.
The gnoll closely misses you.
The giant cockroach bites you but does no damage.
The gnoll hits you from afar with a +0 halberd.
You die...

###..####.. ##.## ##.
#..## #. ##..# #.
########## ##.###.
#........# ###..##.
##........# #.......
......B)..# #.##.##.
#$..g)@.%#######.##..#
#...g)g..........###...
#########..####### ##.
#....# . #.##.# #. #..
. ##.. .# #.# .. ..


You could see 3 gnolls and a giant cockroach.

Vanquished Creatures
  Blork the orc (D:4)
  A howler monkey (D:4)
  A gnoll bouda (D:4)
  4 gnolls
  5 adders
  A worm (D:3)
  A dart slug (D:3)
  7 orcs
  5 endoplasms
  2 giant cockroaches (D:1)
  2 hobgoblins (D:1)
  5 kobolds
  7 quokkas
  7 ball pythons
  7 bats
  2 frilled lizards (D:1)
  4 goblins (D:3)
  2 rats
64 creatures vanquished.

Notes
Turn   | Place    | Note
-------+----------+-------------------------------------------
     0 | D:1      | qw the Gargoyle Hexslinger began the quest for the Orb.
     0 | D:1      | Reached XP level 1. HP: 12/12 MP: 2/2
     0 | D:1      | 0 ||| qw: Version: 0.3-a-46-gb1f654a
     0 | D:1      | 0 ||| qw: Game counter: 2752
     0 | D:1      | 0 ||| qw: Melee chars always use a shield: true
     0 | D:1      | 0 ||| qw: God list: Okawaru
     0 | D:1      | 0 ||| qw: Allow faded altars: false
     0 | D:1      | 0 ||| qw: Do Orc after clearing Dungeon:15 true
     0 | D:1      | 0 ||| qw: Do second Lair branch before Depths: true
     0 | D:1      | 0 ||| qw: Lair rune preference: random
     0 | D:1      | 0 ||| qw: Goals: Normal
     0 | D:1      | 0 ||| PLANNING D:1-11
   208 | D:1      | Reached XP level 2. HP: 16/16 MP: 3/3
   905 | D:1      | 905 ||| UPGRADING to +0 leather armour.
   915 | D:1      | 915 ||| DROPPING +0 robe.
   916 | D:1      | 916 ||| UPGRADING to +0 pair of gloves.
   921 | D:1      | 921 ||| READING scroll labelled XYNOIV LANETEUME.
   922 | D:1      | 922 ||| READING scroll labelled ZIH NEKHIMIAGYNA.
   923 | D:1      | 923 ||| DROPPING scroll of poison.
   951 | D:2      | 951 ||| STAIRDANCE
   960 | D:1      | Reached skill level 3 in Ranged Weapons
   981 | D:2      | Found a shimmering altar of Xom.
  1015 | D:2      | Identified the +6 sling "Bucse" {antimagic, Fly}
  1017 | D:2      | 1017 ||| SWAPPING to +6 sling "Bucse" {antimagic, Fly}.
  1018 | D:2      | 1018 ||| DROPPING +1 sling.
  1064 | D:2      | Reached XP level 3. HP: 17/20 MP: 1/4
  1437 | D:2      | 1437 ||| UPGRADING to amulet of guardian spirit.
  1442 | D:2      | 1442 ||| READING scroll labelled ZAOZ VOMOICK.
  1476 | D:3      | 1476 ||| STAIRDANCE
  1554 | D:3      | Reached XP level 4. HP: 26/26 MP: 1/5
  1651 | D:3      | Reached skill level 4 in Ranged Weapons
  1674 | D:3      | Found an opulent altar of Gozag.
  1924 | D:3      | Reached XP level 5. HP: 30/30 MP: 2/6
  1973 | D:3      | Found a shadowy altar of Dithmenos.
  1983 | D:3      | Identified the ring "Luog" {rF+++ rC- rN+ Dex+7}
  2231 | D:3      | Found a sacrificial altar of Ru.
  2236 | D:3      | 2236 ||| UPGRADING to +0 ring mail.
  2246 | D:3      | 2246 ||| DROPPING +0 leather armour.
  2247 | D:3      | 2247 ||| UPGRADING to +0 cloak.
  2252 | D:3      | 2252 ||| UPGRADING to ring "Luog" {rF+++ rC- rN+ Dex+7}.
  2253 | D:3      | 2253 ||| READING 2 scrolls labelled REMNUG VUKA.
  2258 | D:3      | 2258 ||| READING scroll labelled XUCIMM LOGUPIU.
  2259 | D:3      | 2259 ||| DRINKING 2 yellow potions.
  2260 | D:3      | 2260 ||| DRINKING 2 fuming cyan potions.
  2292 | D:4      | Reached skill level 1 in Armour
  2294 | D:4      | Reached skill level 5 in Ranged Weapons
  2346 | D:4      | Noticed Blork the orc
  2358 | D:4      | Killed Blork the orc
  2359 | D:4      | Reached skill level 3 in Fighting
  2359 | D:4      | Reached XP level 6. HP: 30/37 MP: 2/7
  2366 | D:4      | HP: 2/37 [gnoll/+0 halberd[a gnoll bouda] (10)]
  2367 | D:4      | 2367 ||| READING scroll of teleportation.
  2368 | D:4      | Slain by a gnoll

Levels and vault maps discovered:
D:1:      nzn_arrival_settlement, layout_basic, grunt_decor_cap
D:2:      layout_basic, basic_altar
D:3:      layout_rooms, grunt_gozag_breadcrumbs, marbit_many_paths,
          mainiacjoe_overflow_paths, dk_noncrumbling_2,
          minmay_randomly_rotated_circles
D:4:      minmay_door_path, layout_rooms, uniq_blork_the_orc

Skill      XL: |  1  2  3  4  5 |
---------------+----------------+-----
Ranged Weapons | 3 4 5 |  5.0
Fighting       | 2 3 |  3.5
Armour         | 1 |  1.8
Dodging        | |  1.5
Spellcasting   | |  1.0
Hexes          | |  2.6

Action                     |  1- 3 |  4- 6 || total
---------------------------+-------+-------++-------
   Fire: Sling             |    85 |   111 ||   196
    Use: Scroll            |     3 |     3 ||     6
         Potion            |       |     2 ||     2
 Armour: Leather armour    |    19 |    32 ||    51
         Robe              |     1 |       ||     1
         Ring mail         |       |    20 ||    20
  Dodge: Dodged            |    27 |    66 ||    93

Table legend:
 A = Non-vault XP
 B = Vault XP
 C = Vault XP percentage of total XP
 D = Non-vault monster count
 E = Vault monster count
 F = Vault count percentage of total count
                 A         B        C        D         E       F
            +---------+---------+-------+---------+---------+-------
      Total |     298 |     113 |  27.5 |      56 |       8 |  12.5
            +---------+---------+-------+---------+---------+-------
        D:1 |      27 |       0 |   0.0 |      10 |       0 |   0.0
        D:2 |      31 |       0 |   0.0 |      12 |       0 |   0.0
        D:3 |     119 |      14 |  10.5 |      24 |       7 |  22.6
        D:4 |     121 |      99 |  45.0 |      10 |       1 |   9.1
            +---------+---------+-------+---------+---------+-------
